 Dungeon Crawl Stone Soup version 0.23.2-40-g277498a001 (webtiles) character file.

Game seed: 4894733884781988704

92908 Galewin the Severer (level 15, -4/143 HPs)
             Began as a Minotaur Berserker on Oct 7, 2019.
             Was a High Priest of Trog.
             Splashed with acid (17 damage)
             ... on level 1 of the Pits of Slime.
             The game lasted 00:58:23 (17313 turns).

Galewin the Severer (Minotaur Berserker)           Turns: 17313, Time: 00:58:24

Health: -4/143     AC: 23    Str: 38      XL:     15   Next: 59%
Magic:  4/4        EV:  9    Int:  4      God:    Trog [*****.]
Gold:   1297       SH: 26    Dex:  9 (10) Spells: 14/14 levels left

rFire    . . .     SeeInvis .   K - +8 war axe (antimagic)
rCold    . . .     Gourm    .   M - +2 large shield
rNeg     . . .     Faith    .   L - +0 plate armour "Cium" {-Tele MR+ Str+4 Dex+3}
rPois    .         Spirit   .   (helmet restricted)
rElec    .         Reflect  .   (no cloak)
rCorr    .         Harm     .   (no gloves)
MR       ++++.     NoTele   +   E - +0 pair of boots
Stlth    ..........             (no amulet)
HPRegen  1.33/turn              h - +6 ring of protection
MPRegen  0.09/turn              d - +5 ring of strength

@: regenerating
A: retaliatory headbutt, horns 2, clumsy 1, deterioration 1, subdued magic 1
a: Berserk, Trog's Hand, Brothers in Arms, Renounce Religion


You were on level 1 of the Pits of Slime.
You worshipped Trog.
Trog was extremely pleased with you.
You were near starving.

You visited 3 branches of the dungeon, and saw 22 of its levels.
You also visited: Ice Cave.

You collected 1297 gold pieces.

Inventory:

Hand Weapons
 w - a +1 antimagic battleaxe
 K - a +8 antimagic war axe (weapon)
 P - a +3 broad axe of venom
Armour
 a - a +1 plate armour
 E - a +0 pair of boots (worn)
 L - the +0 plate armour "Cium" (worn) {-Tele MR+ Str+4 Dex+3}
   (You found it on level 13 of the Dungeon)

   It affects your strength (+4).
   It affects your dexterity (+3).
   It affects your resistance to hostile enchantments.
   It prevents most forms of teleportation.
 M - a +2 large shield (worn)
Jewellery
 d - a +5 ring of strength (right hand)
 h - a +6 ring of protection (left hand)
 l - an uncursed ring of positive energy
 m - a +5 ring of strength
 r - an uncursed ring of resist corrosion
 x - an uncursed ring of poison resistance
 y - an uncursed ring of protection from fire
 Q - an uncursed ring of stealth
 T - an uncursed ring of flight {unknown}
Wands
 b - a wand of paralysis (11)
 g - a wand of enslavement (21)
 n - a wand of iceblast (28)
 o - a wand of flame (42)
 u - a wand of scattershot (5)
 I - a wand of clouds (7)
 N - a wand of acid (10)
 S - a wand of digging (2)
Scrolls
 f - 3 scrolls of fear
 k - 11 scrolls of remove curse
 q - 2 scrolls of enchant weapon
 t - 6 scrolls of identify
 C - 6 scrolls of teleportation
 H - a scroll of fog
Potions
 e - 11 potions of curing
 i - 5 potions of lignification {unknown}
 j - 2 potions of flight {unknown}
 s - 2 potions of haste {unknown}
 v - 7 potions of heal wounds {unknown}
 z - 4 potions of agility {unknown}
 A - 3 potions of might {unknown}
 B - 2 potions of brilliance {unknown}
 D - 3 potions of mutation {unknown}
 F - 4 potions of degeneration {unknown}
 G - 2 potions of berserk rage {unknown}
 J - a potion of invisibility {unknown}
 O - a potion of cancellation {unknown}
Comestibles
 c - 37 rations


   Skills:
 + Level 15.7 Fighting
 - Level 18.0 Axes
 + Level 13.0 Armour
 + Level 4.3 Dodging
 + Level 17.5 Shields


You had 14 spell levels left.
You didn't know any spells.
Your spell library was empty.

Dungeon Overview and Level Annotations

Branches:
Dungeon (15/15)            Temple (0/1) D:6            Lair (6/6) D:11
  Swamp (0/4) Lair:3        Snake (0/4) Lair:3        Slime (1/5) Lair:6
    Orc (0/2) D:9          Vaults (0/5) D:13         Depths (0/5) D:15

Altars:
Elyvilon
Fedhas
Gozag
Nemelex Xobeh
Uskayaw
Wu Jian
Zin
The Shining One
Beogh
Jiyva

Shops:
D:6 [

Portals:
Trove: D:15 (give +4 storm dragon scales)

Annotations:
D:7 1 runed translucent door, Thomus's ghost, novice DECj


Innate Abilities, Weirdness & Mutations

You reflexively headbutt those who attack you in melee.
You have a pair of horns on your head.
You are clumsy. (Dex -2)
Your body sometimes deteriorates upon taking damage.
Your spells are a little easier to cast, but a little less powerful.


Message History

You are too injured to fight recklessly!
As you read the scroll labeled NIOJEA EZ DOGA, it crumbles to dust.
Wisps of shadow whirl around you...
It was a scroll of summoning.
You are splashed with acid!!
As you read the scroll labeled KAWUT OM ULOV, it crumbles to dust.
You feel aware of your surroundings.
It was a scroll of magic mapping.
You are splashed with acid!!
* * * LOW HITPOINT WARNING * * *
Two slime creatures merge to form a large slime creature.
Okay, then.
Your skin crawls.
You feel resistant to hostile enchantments.
You are feeling very hungry.
You are splashed with acid!
* * * LOW HITPOINT WARNING * * *
Your body deteriorates!
You feel clumsy.
Your iron troll goes berserk!
You are near starving!
You are splashed with acid!
You die...

,,,,,,,****#≈≈≈≈............##...
,,,,,,,,,,*≈≈≈≈≈....<..#....#....
,,,,,,,,,,*≈≈≈≈≈##.....##........
,,,,,,,,,**###≈≈*##...###........
,,,,,,,,** #***** ######.........
,,,,,,,,**##.** #####..........
*,,,,,,,,##...** ##..............
,,,,,,,,,......###J..............
,,,,,,,,,....J.J@JG..............
,,,,,,,,,.....TJJJ.....#....#....
,,,,,,,,,...........###......#...
*,,,,,,,*############ ##.....###.
**,**,,** ##.#.## ** *******
*#### *


You could see a friendly acid blob, a friendly iron troll (berserk), a friendly
great orb of eyes, a friendly large slime creature and 5 friendly slime
creatures.

Vanquished Creatures
  Gastronok (D:11)
  A dire elephant (Lair:6)
  Erolcha (D:11)
  4 hydras
  2 vault guards (D:13)
  2 centaur warriors (D:14)
  14 two-headed ogres
  A catoblepas (Lair:6)
  3 ogre magi (D:15)
  2 tengu warriors (D:15)
  10 death yaks (Lair:6)
  A deep troll shaman (Lair:6)
  Urug (D:10)
  Nergalle (D:12)
  3 skeletal warriors (D:13)
  An unseen horror (D:11)
  2 deep elf archers (D:15)
  A wizard (D:15)
  A necromancer (Lair:3)
  5 ugly things
  An orc sorcerer (D:15)
  5 deep elf magi
  A shining eye (Slime:1)
  An oklob plant (Lair:4)
  Maurice (D:10)
  7 elephants (Lair:6)
  A naga mage (D:15)
  A black mamba (Lair:4)
  2 manticores (D:15)
  3 centaur zombies
  2 gargoyles
  17 spiny frogs
  2 rime drakes (D:15)
  A freezing wraith (D:12)
  2 demonic crawlers (D:14)
  7 komodo dragons
  4 polar bears (Lair:6)
  A hornet (D:12)
  6 meliai (D:13)
  5 trolls
  22 blink frogs
  8 hippogriffs
  15 slime creatures
  A vampire (D:15)
  A wraith (D:15)
  A wyvern (Lair:6)
  3 hungry ghosts
  23 yaks
  Sigmund (D:2)
  A shadow (D:14)
  4 basilisks
  9 humans (D:13)
  12 vampire mosquitoes
  Grum (D:11)
  4 nagas (Lair:3)
  A swamp worm (Lair:3)
  12 water moccasins
  2 soldier ants
  An acid dragon (D:13)
  12 orc warriors
  11 porcupines
  10 ice beasts
  4 hornet zombies
  3 sky beasts
  3 necrophages
  3 elephant zombies (Lair:3)
  An eye of draining (D:13)
  2 black bears
  2 phantoms (D:14)
  9 ogres
  22 wolves
  13 centaurs
  3 big kobolds
  10 crocodiles
  Blork the orc (D:6)
  21 bullfrogs
  A wyvern zombie (D:7)
  A wyvern skeleton (D:6)
  56 killer bees
  9 wights
  2 howler monkeys
  An electric eel (Lair:3)
  6 crimson imps
  A bullfrog zombie (D:6)
  A quasit (D:5)
  3 hounds
  3 bullfrog skeletons
  3 centaur skeletons
  10 orc priests
  9 jellies
  12 orc wizards
  An iguana (D:13)
  9 worker ants
  A killer bee zombie (D:7)
  A crocodile zombie (Lair:3)
  A hound skeleton (D:7)
  12 gnolls
  8 adders
  2 shadow imps
  An ooze (D:3)
  An adder zombie (D:7)
  3 worms
  6 leopard geckos
  75 orcs
  5 ball pythons
  2 giant cockroaches
  5 goblins
  7 hobgoblins
  10 jackals
  32 kobolds
  3 quokkas
  5 bats
  6 frilled lizards
  4 rats
  7 fungi
  6 plants
710 creatures vanquished.

Vanquished Creatures (collateral kills)
  A catoblepas (D:13)
  2 oklob plants (Lair:4)
  An ugly thing (IceCv)
  A black mamba (Lair:4)
  A centaur skeleton (D:13)
  2 ice statues (IceCv)
  A freezing wraith (D:15)
  4 slime creatures (D:13)
  A spriggan (shapeshifter) (D:13)
  A shadow (D:13)
  A howler monkey (D:13)
  An orc priest (D:13)
  An orc wizard (D:13)
  3 orcs (D:13)
21 creatures vanquished.

Vanquished Creatures (others)
  A vault guard (D:13)
  8 fungi
  6 plants
15 creatures vanquished.

Grand Total: 746 creatures vanquished

Notes
Turn   | Place    | Note
-------+----------+-------------------------------------------
     0 | D:1      | Galewin the Minotaur Berserker began the quest for the Orb.
     0 | D:1      | Reached XP level 1. HP: 19/19 MP: 0/0
    40 | D:1      | Reached skill level 4 in Axes
   106 | D:1      | Reached XP level 2. HP: 13/26 MP: 1/1
  1169 | D:2      | Noticed Sigmund
  1174 | D:2      | Killed Sigmund
  1174 | D:2      | Reached skill level 7 in Axes
  1174 | D:2      | Reached XP level 3. HP: 31/31 MP: 2/2
  1174 | D:2      | Reached XP level 4. HP: 39/39 MP: 3/3
  1174 | D:2      | Reached XP level 5. HP: 45/45 MP: 4/4
  1631 | D:3      | Reached ** piety under Trog
  1716 | D:3      | Reached skill level 8 in Axes
  1720 | D:3      | Reached XP level 6. HP: 44/51 MP: 5/5
  1728 | D:3      | Found a sparkling altar of Nemelex Xobeh.
  2045 | D:3      | Reached skill level 9 in Axes
  2263 | D:4      | Reached *** piety under Trog
  2583 | D:4      | Reached XP level 7. HP: 44/58 MP: 6/6
  2634 | D:4      | Found an ornate altar of the Wu Jian Council.
  2635 | D:4      | Found a glowing silver altar of Zin.
  2891 | D:5      | Entered Level 5 of the Dungeon
  2997 | D:5      | Reached skill level 10 in Axes
  3103 | D:5      | Found a white marble altar of Elyvilon.
  3352 | D:6      | Reached skill level 1 in Shields
  3392 | D:6      | Reached XP level 8. HP: 50/66 MP: 7/7
  3469 | D:6      | Reached skill level 11 in Axes
  3528 | D:6      | Reached **** piety under Trog
  3728 | D:6      | Noticed Blork the orc
  3734 | D:6      | Killed Blork the orc
  3773 | D:6      | Found Devaom's Antique Armour Shoppe.
  3815 | D:6      | Reached skill level 12 in Axes
  3817 | D:6      | Found a staircase to the Ecumenical Temple.
  4412 | D:7      | Reached skill level 5 in Fighting
  4418 | D:7      | Reached XP level 9. HP: 44/74 MP: 8/8
  4608 | D:7      | Found a runed translucent door.
  4608 | D:7      | Noticed Thomus's ghost (novice DECj)
  4856 | D:7      | Reached skill level 13 in Axes
  5545 | D:8      | Reached skill level 5 in Shields
  5582 | D:8      | Reached skill level 5 in Armour
  5609 | D:8      | Noticed a red ugly thing
  5617 | D:8      | Killed a red ugly thing
  5653 | D:8      | Found a glowing golden altar of the Shining One.
  5905 | D:8      | Found a hide-covered altar of Uskayaw.
  5951 | D:8      | Reached ***** piety under Trog
  5991 | D:8      | Found a blossoming altar of Fedhas.
  6120 | D:8      | Found a viscous altar of Jiyva.
  6124 | D:8      | Reached XP level 10. HP: 83/83 MP: 9/9
  6127 | D:8      | Reached skill level 14 in Axes
  6292 | D:9      | Noticed a two-headed ogre
  6298 | D:9      | Killed a two-headed ogre
  6331 | D:9      | Found a staircase to the Orcish Mines.
  6388 | D:9      | Received a gift from Trog
  6667 | D:10     | Entered Level 10 of the Dungeon
  6941 | D:10     | Noticed Urug
  6950 | D:10     | Killed Urug
  6950 | D:10     | Reached skill level 15 in Axes
  7312 | D:10     | Noticed Maurice
  7322 | D:10     | Killed Maurice
  7578 | D:11     | Found a staircase to the Lair.
  7607 | D:11     | Noticed Gastronok
  7618 | D:11     | Killed Gastronok
  7618 | D:11     | Reached skill level 16 in Axes
  7618 | D:11     | Reached XP level 11. HP: 94/94 MP: 10/10
  7671 | D:11     | Noticed Erolcha
  7677 | D:11     | Killed Erolcha
  7803 | D:11     | Noticed Grum
  7814 | D:11     | Killed Grum
  7852 | D:11     | Reached skill level 17 in Axes
  7857 | D:11     | Killed an unseen horror
  8512 | D:12     | Noticed a red ugly thing
  8520 | D:12     | Noticed a seven-headed hydra
  8529 | D:11     | Killed a red ugly thing
  8744 | D:12     | Killed a nine-headed hydra
  8873 | D:12     | Noticed a cyan ugly thing
  8883 | D:12     | Killed a cyan ugly thing
  8899 | D:12     | Received a gift from Trog
  8961 | D:12     | Reached XP level 12. HP: 89/104 MP: 11/11
  8981 | D:12     | Noticed a two-headed ogre
  8986 | D:12     | Killed a two-headed ogre
  8987 | D:12     | Noticed Nergalle
  9003 | D:12     | Killed Nergalle
  9102 | D:12     | Noticed a two-headed ogre
  9111 | D:12     | Killed a two-headed ogre
  9111 | D:12     | Reached skill level 18 in Axes
  9205 | D:12     | Found a roughly hewn altar of Beogh.
  9555 | D:13     | Reached skill level 10 in Shields
  9559 | D:13     | Reached skill level 10 in Fighting
  9692 | D:13     | Noticed a catoblepas
  9704 | D:13     | Killed a catoblepas
 10018 | D:13     | Killed a vault guard
 10092 | D:13     | Noticed a vault guard
 10092 | D:13     | Noticed a vault guard
 10103 | D:13     | Killed a vault guard
 10117 | D:13     | Killed a vault guard
 10135 | D:13     | Found a gate to the Vaults.
 10158 | D:13     | Got a shimmering plate armour
 10175 | D:13     | Identified a scroll of acquirement
 10176 | D:13     | Identified the +0 plate armour "Cium" {-Tele MR+ Str+4
                  | Dex+3} (You found it on level 13 of the Dungeon)
 10450 | D:13     | Reached XP level 13. HP: 92/117 MP: 12/12
 10452 | D:13     | Received a gift from Trog
 11101 | D:14     | Reached skill level 10 in Armour
 11333 | D:15     | Entered Level 15 of the Dungeon
 11553 | D:15     | Found an opulent altar of Gozag.
 11689 | D:15     | Received a gift from Trog
 11695 | D:15     | Found a staircase to the Depths.
 11697 | D:15     | Reached XP level 14. HP: 130/130 MP: 4/13
 11749 | D:15     | Found a portal to a secret trove of treasure.
 11978 | D:15     | Found a frozen archway.
 11994 | IceCv    | Entered an ice cave
 12007 | IceCv    | Found a transporter.
 12038 | IceCv    | Found a transporter.
 12053 | IceCv    | Identified the Handbook of Flying Unholy Secrets
 12462 | Lair:1   | Entered Level 1 of the Lair of Beasts
 12949 | Lair:2   | Reached skill level 15 in Shields
 13050 | Lair:2   | Reached ****** piety under Trog
 13547 | Lair:2   | Received a gift from Trog
 13860 | Lair:3   | You fall through a shaft for 3 floors!
 13860 | Lair:6   | Entered Level 6 of the Lair of Beasts
 13860 | Lair:6   | Found a staircase to the Slime Pits.
 14501 | Lair:3   | Found a staircase to the Swamp.
 14602 | Lair:3   | Found a staircase to the Snake Pit.
 15273 | Lair:4   | Reached XP level 15. HP: 130/139 MP: 4/14
 15710 | Lair:5   | Received a gift from Trog
 16170 | Lair:6   | Reached skill level 15 in Fighting
 16983 | Slime:1  | Entered Level 1 of the Pits of Slime
 17303 | Slime:1  | Gained mutation: Your body sometimes deteriorates upon
                  | taking damage. [a shining eye]
 17305 | Slime:1  | Gained mutation: Your spells are a little easier to cast,
                  | but a little less powerful. [a shining eye]
 17306 | Slime:1  | Gained mutation: You are clumsy. (Dex -2) [a shining eye]
 17313 | Slime:1  | Splashed with acid

Skill      XL: |  1  2  3  4  5  6  7  8  9 10 11 12 13 14 15 |
---------------+----------------------------------------------+-----
Axes           | 4 7 8 9 10 12 13 16 17 18 | 18.0
Fighting       | 4 5 6 7 9 11 13 14 15 | 15.7
Shields        | 1 3 6 7 9 11 13 16 17 | 17.5
Armour         | 3 5 6 7 9 10 12 13 | 13.0
Dodging        | 3 4 |  4.3

Action                   |  1- 3 |  4- 6 |  7- 9 | 10-12 | 13-15 || total
-------------------------+-------+-------+-------+-------+-------++-------
Melee: Hand axe          |    36 |    97 |       |       |       ||   133
       Headbutt          |     3 |    22 |    61 |   104 |   255 ||   445
       War axe           |       |    37 |   265 |       |   833 ||  1135
       Broad axe         |       |       |    56 |   403 |     9 ||   468
Invok: Berserk           |     4 |     3 |     7 |    13 |     8 ||    35
       Trog's Hand       |       |       |     2 |       |     2 ||     4
       Brothers in Arms  |       |       |       |     4 |     4 ||     8
  Use: Scroll            |       |    11 |     8 |     9 |     7 ||    35
 Stab: Distracted        |       |       |       |       |     1 ||     1
  Eat: Chunk             |     4 |     8 |    14 |    21 |    21 ||    68
       Ration            |       |       |     1 |     2 |     3 ||     6
Armor: Animal skin       |     4 |       |       |       |       ||     4
       Ring mail         |     1 |    40 |       |       |       ||    41
       Plate armour      |       |    16 |   163 |   133 |   191 ||   503
Dodge: Dodged            |    28 |    51 |    25 |    47 |    90 ||   241
Block: Large shield      |       |       |   257 |   295 |   755 ||  1307
